 Dungeon Crawl Stone Soup version 0.27.0-1-g7a089689b8 (webtiles) character file.

Game seed: 9456626211011299977

232607 sanka the Gelid (level 18, 0/112 HPs)
             Began as a Deep Elf Brigand on Aug 7, 2021.
             Was the Champion of Dithmenos.
             Succumbed to a sea snake's poison
             ... on level 4 of the Shoals.
             The game lasted 01:45:50 (41522 turns).

sanka the Gelid (Deep Elf Brigand)                 Turns: 41522, Time: 01:45:51

Health: 0/112      AC: 18    Str:  6    XL:     18   Next: 82%
Magic:  18/36      EV: 26    Int: 29    God:    Dithmenos [******]
Gold:   1553       SH:  6    Dex: 20    Spells: 27/41 levels left

rFire    + . .     SeeInvis .   a - +7 Singing Sword {vorpal, sonic wave}
rCold    + . .     Faith    .   C - +0 buckler
rNeg     + + +     Spirit   +   h - +3 leather armour {rC+ rF+}
rPois    .         Reflect  .   U - +2 helmet
rElec    .         Harm     .   r - +2 cloak of Baened {rN+++ Str-2 Int+4 Dex-2}
rCorr    .         Rampage  .   S - +2 pair of gloves
Will     +....                  O - +2 pair of boots {Fly}
Stlth    +++++.....             G - amulet of guardian spirit
HPRegen  0.28/turn              T - +6 ring of dexterity
MPRegen  0.25/turn              g - +4 ring of evasion

@: lethally poisoned (0 -> -27), flying, wreathed by umbra
A: no striking features
}: 1/15 runes: gossamer
a: Renounce Religion, Shadow Step, Shadow Form


You were on level 4 of the Shoals.
You worshipped Dithmenos.
Dithmenos was exalted by your worship.
You visited 5 branches of the dungeon, and saw 31 of its levels.
You also visited: Sewer, Ossuary, Gauntlet and Ice Cave.

You collected 3337 gold pieces.
You spent 1784 gold pieces at shops.


   Skills:
 - Level 12.0 Fighting
 - Level 2.0(11.7) Short Blades
 - Level 15.9(16.0) Long Blades
 - Level 2.0 Throwing
 - Level 16.0 Dodging
 - Level 4.8 Stealth
 - Level 4.0 Shields
 - Level 12.0 Spellcasting
 - Level 3.0 Conjurations
 + Level 19.3 Ice Magic
 - Level 3.0 Air Magic
 - Level 12.0 Invocations


You had 27 spell levels left.
You knew the following spells:

 Your Spells              Type           Power      Damage    Failure   Level
y - Polar Vortex          Ice            46%        N/A       87%         9
X - Freezing Cloud        Conj/Ice/Air   30%        6-21      4%          5

Your spell library contained the following spells:

 Spells                   Type           Power      Damage    Failure   Level
 Shock                    Conj/Air       100%       1d9       1%          1
 Foxfire                  Conj/Fire      100%       2x1d9     2%          1
 Metabolic Englaciation   Hex/Ice        32%        N/A       2%          5
 Poisonous Vapours        Pois/Air       52%        N/A       3%          2
 Animate Skeleton         Necr           34%        N/A       4%          1
 Apportation              Tloc           34%        N/A       4%          1
 Pain                     Necr           68%        1d7       4%          1
 Sting                    Tmut/Pois      68%        1d6       4%          1
 Swiftness                Air            34%        N/A       4%          3
 Blink                    Tloc           N/A        N/A       7%          2
 Slow                     Hex            17%        N/A       7%          2
 Conjure Flame            Conj/Fire      26%        6-21      8%          3
 Confusing Touch          Hex            17%        N/A       14%         3
 Gell's Gravitas          Tloc           8%         N/A       14%         3
 Inner Flame              Hex/Fire       17%        N/A       14%         3
 Lesser Beckoning         Tloc           8%         N/A       14%         3
 Portal Projectile        Hex/Tloc       34%        N/A       14%         3
 Teleport Other           Tloc           17%        N/A       14%         3
 Vampiric Draining        Necr           8%         2d7       14%         3
 Airstrike                Air            17%        N/A       14%         4
 Simulacrum               Ice/Necr       32%        N/A       14%         6
 Summon Lightning Spire   Summ/Air       26%        N/A       26%         4
 Iskenderun's Battlesphe  Conj           34%        2d9       36%         5
 Lightning Bolt           Conj/Air       17%        1d31      36%         5
 Olgreb's Toxic Radiance  Pois           17%        N/A       43%         4
 Petrify                  Tmut/Erth      17%        N/A       43%         4
 Alistair's Intoxication  Tmut/Pois      11%        N/A       78%         5
 Blade Hands              Tmut           8%         N/A       78%         5
 Borgnjor's Vile Clutch   Necr/Erth      8%         N/A       78%         5
 Excruciating Wounds      Necr           8%         N/A       78%         5
 Manifold Assault         Tloc           17%        N/A       78%         5
 Yara's Violent Unravell  Hex/Tmut       8%         3d5       78%         5
 Iron Shot                Conj/Erth      13%        9d3       98%         6
 Dispersal                Tloc           8%         N/A       100%        6
 Eringya's Noxious Bog    Tmut/Pois      8%         N/A       100%        6
 Invisibility             Hex            8%         N/A       100%        6
 Statue Form              Tmut/Erth      11%        N/A       100%        6
 Spellforged Servitor     Conj/Summ      13%        N/A       100%        7
 Storm Form               Tmut/Air       13%        N/A       100%        7
 Borgnjor's Revivificati  Necr           8%         N/A       100%        8
 Infestation              Necr           8%         N/A       100%        8

Inventory:

Hand Weapons
 a - the +7 Singing Sword (weapon) {vorpal, sonic wave}

   It inflicts extra damage upon your enemies.
   It radiates damaging sonic waves as it strikes, especially in combat
   involving dangerous or numerous foes.
 b - a +3 scimitar of flaming
 W - a +2 demon blade
 X - the +9 war axe of Jaodghee {freeze, rElec rPois rC- Will+++}

   It freezes those it strikes, dealing additional cold damage.
   It can also slow down cold-blooded creatures.
   rC:        It makes you vulnerable to cold.
   rElec:     It insulates you from electricity.
   rPois:     It protects you from poison.
   Will:      It greatly increases your willpower.
Missiles
 e - 4 curare-tipped darts {=f}
 v - 9 throwing nets {=f}
Armour
 h - a +3 leather armour of resistance (worn)
 r - the +2 cloak of Baened (worn) {rN+++ Str-2 Int+4 Dex-2}

   Str:       It affects your strength (-2).
   Int:       It affects your intelligence (+4).
   Dex:       It affects your dexterity (-2).
   rN:        It renders you almost immune to negative energy.
 C - a +0 buckler (worn)
 O - a +2 pair of boots of flying (worn)
 S - a +2 pair of gloves (worn)
 U - a +2 helmet (worn)
 V - a +2 leather armour of poison resistance
Jewellery
 g - a +4 ring of evasion (right hand)
 o - an amulet of regeneration
 p - a ring of protection from cold
 A - a ring of wizardry
 G - an amulet of guardian spirit (around neck)
 M - a ring of see invisible
 Q - the amulet "Neuppoif" {Reflect rF+ SH+5}

   [amulet of reflection]

   It reflects blocked missile attacks.
   rF:        It protects you from fire.
   SH:        It affects your SH (+5).
 R - a ring of resist corrosion
 T - a +6 ring of dexterity (left hand)
Wands
 k - a wand of paralysis (10)
 I - a wand of iceblast (44)
 J - a wand of mindburst (30)
 N - a wand of flame (14)
Scrolls
 i - 2 scrolls of amnesia
 j - 7 scrolls of teleportation {@r4}
 n - 3 scrolls of summoning
 s - 7 scrolls of fear
 u - 6 scrolls of enchant weapon
 x - 16 scrolls of identify {@r1}
 y - 2 scrolls of magic mapping
 B - 6 scrolls of fog
 D - 3 scrolls of holy word
 H - 11 scrolls of blinking
Potions
 c - 7 potions of ambrosia
 f - 3 potions of heal wounds {@q2}
 l - 2 potions of berserk rage {!q}
 m - 5 potions of mutation {!q}
 q - 5 potions of lignification {!q}
 t - a potion of brilliance
 w - 22 potions of curing {@q1}
 z - 7 potions of might
 E - 2 potions of resistance
 K - 8 potions of haste {@q3}
 P - 2 potions of magic
 Y - 2 potions of attraction {!q}
 Z - a potion of cancellation

Dungeon Overview and Level Annotations

Branches:
Dungeon (15/15)            Temple (0/1) D:4            Lair (6/6) D:9
 Shoals (4/4) Lair:4       Spider (4/4) Lair:3        Slime (0/5) Lair:6
    Orc (2/2) D:11            Elf (0/3) Orc:2        Vaults (0/5) D:14
 Depths (0/5) D:15          Sewer (visited)         Ossuary (visited)
  IceCv (visited)         Gauntlet (visited)

Altars:
Ashenzari
Cheibriados
Dithmenos
Elyvilon
Hepliaklqana
Makhleb
Nemelex Xobeh
Okawaru
Vehumet
Zin
The Shining One
Beogh

Shops:
D:8 !   D:13 !*(   Orc:1 *   Orc:2 ?*[*(   Shoals:1 !   Shoals:4 :

Portals:
Trove: D:13 (give +6 demon trident)

Annotations:
Shoals:2 3 runed translucent doors, Glennnyy's ghost, adept GrFi

▒▒▒▒▒▒▒▒▒▒▒▒▒▒▒▒▒▒▒▒▒▒▒▒
≈≈≈≈≈≈≈≈≈≈≈≈≈≈≈≈≈≈≈≈≈≈≈≈
≈≈≈≈≈≈≈≈≈≈≈≈≈≈≈≈eS≈≈≈≈≈≈
≈≈≈≈≈≈≈≈≈≈≈≈≈≈≈≈≈≈≈≈≈≈≈≈
≈≈≈≈≈≈≈≈≈≈≈≈≈≈≈≈≈≈≈≈≈≈≈≈
≈≈≈≈≈≈≈≈≈≈≈≈≈≈≈≈≈≈≈≈≈≈≈≈
≈≈≈≈≈≈≈≈≈≈≈≈≈≈≈≈≈≈≈≈≈≈≈≈
▒▒▒≈≈≈≈≈≈≈≈≈≈≈≈≈≈≈≈≈≈≈≈≈
▒▒..≈≈≈≈≈≈≈≈≈≈≈≈≈≈≈≈≈≈
▒▒.≈≈≈≈≈≈≈≈≈≈≈≈≈≈≈≈≈≈


You could see a sea snake.


Message History

You are lethally poisoned!
The sea snake poisons you! The snapping turtle bites you!
* * * LOW HITPOINT WARNING * * *
You hit the snapping turtle.
The snapping turtle is moderately wounded.
Your shadow hits the snapping turtle but does no damage.
* * * LOW HITPOINT WARNING * * *
You feel extremely sick. The sea snake completely misses you.
Unknown command.
You slash the snapping turtle!
The snapping turtle is heavily wounded.
* * * LOW HITPOINT WARNING * * *
You feel very sick. You block the snapping turtle's attack.
The sea snake completely misses you.
You slash the snapping turtle!
The Singing Sword trains the chromatic scales.
You send a blast of sound all around you.
The snapping turtle and the sea snake are blasted.
You kill the snapping turtle!
Dithmenos accepts your kill.
The sea snake is moderately wounded.
* * * LOW HITPOINT WARNING * * *
You feel very sick. You block the sea snake's attack.
You slash the sea snake!
The sea snake is heavily wounded.
You die...

Action                   |  1- 3 |  4- 6 |  7- 9 | 10-12 | 13-15 | 16-18 || total
-------------------------+-------+-------+-------+-------+-------+-------++-------
Melee: Dagger            |   111 |   108 |   122 |       |       |       ||   341
       Flail             |       |    58 |    46 |       |       |       ||   104
       Trident           |       |    12 |       |       |       |       ||    12
       Double sword      |       |       |   143 |   341 |   725 |  1054 ||  2263
       Morningstar       |       |       |    10 |       |       |       ||    10
       Unarmed           |       |       |       |       |     6 |       ||     6
       Scimitar          |       |       |       |       |       |     4 ||     4
       War axe           |       |       |       |       |       |    11 ||    11
Throw: Dart              |       |       |     3 |     6 |     4 |     1 ||    14
 Cast: Freezing Cloud    |       |       |       |       |       |    24 ||    24
Invok: Shadow Form       |       |       |       |       |       |     1 ||     1
Evoke: Wand              |       |       |       |       |    65 |     9 ||    74
  Use: Potion            |       |       |     3 |     4 |     4 |    15 ||    26
       Scroll            |       |       |     9 |     8 |     6 |    11 ||    34
 Stab: Sleeping          |    13 |    11 |    25 |    10 |     7 |    18 ||    84
       Distracted        |       |       |     1 |     5 |     3 |     5 ||    14
       Held in net/web   |       |       |     2 |       |       |     1 ||     3
       Petrified         |       |       |       |       |    10 |       ||    10
       Paralysed         |       |       |       |       |     3 |       ||     3
       Invisible         |       |       |       |       |       |     4 ||     4
Armor: Robe              |    21 |    22 |       |       |       |       ||    43
       Leather armour    |       |    10 |    53 |    44 |    93 |   259 ||   459
Dodge: Dodged            |    59 |   160 |   289 |   446 |   832 |  1261 ||  3047
Block: Other             |       |       |       |     1 |    14 |       ||    15
       Buckler           |       |       |       |       |    13 |   306 ||   319
       Rpst.: Double sword |       |       |    34 |   117 |   179 |   254 ||   584
       Scimitar          |       |       |       |       |       |     1 ||     1

Levels and vault maps discovered:
D:1:      minmay_arrival_semitransparent, layout_loops_ring,
          chequers_ecumenical_altar_island
D:2:      layout_basic
D:3:      layout_rooms
D:4:      layout_gridville, evilmike_ruin_ashenzari,
          mainiacjoe_overflow_alcove_4, minmay_temple_entry_ruins,
          serial_undead, serial_undead_b, serial_undead_b, serial_undead_e,
          serial_undead_f, serial_undead_b, serial_undead_c, minmay_door_square,
          st_stairs_9, grunt_decor_junction, kennysheep_generic_room_16,
          uniq_eustachio, uniq_menkaure
D:5:      old_forge, layout_loops_ring, hangedman_minor_gate_pass
D:6:      layout_gridville, slow_altar_1, cheibrodos_sewer_entry_drain,
          uniq_blork_the_orc, uniq_prince_ribbit1
D:7:      layout_loops_cross, minmay_misc_feat_encased
D:8:      layout_basic, grunt_temple_overflow_lords_of_destruction,
          serial_shops, nicolae_shop_statue_plus, nicolae_ossuary_entry_giza,
          uniq_psyche
D:9:      minmay_the_grid_3x2 [minmay_the_grid_odd_star,
          minmay_the_grid_large_cup, minmay_the_grid_rooms,
          minmay_the_grid_eight, minmay_the_grid_gridbox,
          minmay_the_grid_prize_four_corners_diamond_a], layout_irregular_city,
          nicolae_dithmenos_the_darkroom, dpeg_lair_monsters
D:10:     layout_long_grid, good_gods_mini_temple, uniq_grum
D:11:     layout_layer_cave, erik_orc_4
D:12:     layout_grid_maze, kennysheep_generic_room_8, uniq_kirke, uniq_rupert
D:13:     layout_gridville, serial_shops, nicolae_lakefront_shop,
          kennysheep_mini, nicolae_shop_trees, enter_trove_1,
          chequers_decorated_corner
D:14:     evilmike_iron_armoury, layout_stronghold,
          skrybe_vaults_entry_preservation, serial_glass, glass_columns_a,
          glass_columns_a, grunt_ministairs_2, grunt_decor_fettered
D:15:     grunt_enter_depths_magical_seal, layout_basic,
          chequers_serial_rivers_micro_c, minivault_22,
          nemelex_spade_bored_becter
Lair:1:   layout_roguey, special_room [special_room_bee],
          gauntlet_entry_generic, st_stairs_4, beast_lair_carwin_2
Lair:2:   dragon1_lemuel, layout_loops_ring, grunt_megastairs_1, uniq_gastronok
Lair:3:   layout_long_grid, dummy_spider_entry, patterned_corridor,
          infiniplex_staircase_pool, grunt_megastairs_2
Lair:4:   layout_cave_pods, minmay_shoals_entry_centaurs,
          portal_ice_cave_demonic_guard, lemuel_fruit_fields
Lair:5:   layout_gridlike, chequers_serial_rivers_large_a, lemuel_fruit_fields
Lair:6:   grunt_lair_end_beastmaster, layout_concentric_octagons,
          nicolae_slime_entry_slimehenge, grunt_megastairs_5
Shoals:1: layout_shoals, serial_shops, nicolae_shop_statue_plus
Shoals:2: layout_shoals, ebering_ghost_rock_garden
Shoals:3: layout_shoals, nicolae_shoals_spectral_cove, uniq_ilsuiw
Shoals:4: shoals_end_hangedman, layout_shoals, nicolae_shop_self_help
Spider:1: layout_spider_delve, uniq_asterion
Spider:2: layout_spider_delve, uniq_jorgrun
Spider:3: layout_spider_delve, uniq_agnes, uniq_nikola, uniq_azrael
Spider:4: floodkiller_spider_rune_tomb
Orc:1:    layout_diamond_mine, serial_shops, nicolae_shop_overcharged_wands,
          uniq_nergalle
Orc:2:    st_orc_ogre_mass, layout_caves, serial_shops, nicolae_shop_waterfront,
          basic_altar, uniq_maurice, uniq_donald, uniq_nessos

Notes
Turn   | Place    | Note
-------+----------+-------------------------------------------
     0 | D:1      | sanka the Deep Elf Brigand began the quest for the Orb.
     0 | D:1      | Reached XP level 1. HP: 12/12 MP: 3/3
   290 | D:1      | Reached skill level 2 in Fighting
   771 | D:1      | Reached skill level 2 in Dodging
   771 | D:1      | Reached XP level 2. HP: 17/17 MP: 4/4
   849 | D:1      | Found a faded altar of an unknown god.
  1089 | D:1      | Became a worshipper of Dithmenos the Shadowed
  1089 | D:1      | Reached * piety under Dithmenos
  1581 | D:2      | Reached skill level 3 in Dodging
  1607 | D:2      | Reached XP level 3. HP: 21/21 MP: 5/5
  1818 | D:2      | Reached skill level 4 in Dodging
  1982 | D:2      | Reached ** piety under Dithmenos
  1983 | D:2      | Reached XP level 4. HP: 26/26 MP: 6/6
  2533 | D:3      | Reached skill level 5 in Dodging
  2556 | D:3      | Noticed an ice beast
  2932 | D:4      | Reached XP level 5. HP: 28/30 MP: 7/7
  2950 | D:4      | Reached skill level 6 in Dodging
  3584 | D:4      | Reached skill level 7 in Dodging
  3647 | D:4      | Reached XP level 6. HP: 32/35 MP: 8/8
  3698 | D:4      | Noticed Eustachio
  3711 | D:4      | Killed Eustachio
  3712 | D:4      | Reached skill level 8 in Dodging
  3817 | D:4      | Found a broken altar of Ashenzari.
  4020 | D:4      | Noticed Menkaure
  4173 | D:4      | Found a hazy altar of Hepliaklqana.
  4255 | D:4      | Found a staircase to the Ecumenical Temple.
  4366 | D:4      | Reached XP level 7. HP: 37/40 MP: 7/9
  5031 | D:4      | Reached *** piety under Dithmenos
  5040 | D:4      | Reached skill level 9 in Dodging
  5178 | D:4      | Reached skill level 3 in Fighting
  5228 | D:5      | Entered Level 5 of the Dungeon
  5578 | D:5      | Reached skill level 10 in Dodging
  5668 | D:5      | Reached XP level 8. HP: 43/46 MP: 8/10
  5973 | D:5      | Reached skill level 11 in Dodging
  6143 | D:5      | Found the +7 Singing Sword {vorpal, sonic wave}
  6253 | D:5      | Reached skill level 1 in Long Blades
  6404 | D:5      | Reached skill level 2 in Long Blades
  6888 | D:4      | Killed Menkaure
  6889 | D:4      | Reached skill level 3 in Long Blades
  7006 | D:6      | Found a glowing drain.
  7018 | Sewer    | Entered a sewer
  7021 | Sewer    | Reached **** piety under Dithmenos
  7561 | D:6      | Noticed Blork the orc
  7567 | D:6      | Killed Blork the orc
  7568 | D:6      | Reached XP level 9. HP: 43/52 MP: 11/11
  7696 | D:6      | Reached skill level 12 in Dodging
  7709 | D:6      | Noticed Prince Ribbit
  7711 | D:6      | Found a snail-covered altar of Cheibriados.
  7765 | D:6      | Killed Prince Ribbit
  7766 | D:6      | Reached skill level 4 in Fighting
  7766 | D:6      | Reached skill level 4 in Long Blades
  8689 | D:7      | Reached skill level 5 in Long Blades
  8944 | D:8      | Noticed Psyche
  8953 | D:8      | Killed Psyche
  9017 | D:8      | Found a radiant altar of Vehumet.
  9018 | D:8      | Found a burning altar of Makhleb.
  9021 | D:8      | Reached ***** piety under Dithmenos
  9022 | D:8      | Reached skill level 6 in Long Blades
  9159 | D:8      | Reached skill level 5 in Fighting
  9167 | D:8      | Reached XP level 10. HP: 45/59 MP: 12/12
  9225 | D:8      | Found a sand-covered staircase.
  9230 | Ossuary  | Entered an ossuary
  9370 | Ossuary  | Reached skill level 7 in Long Blades
  9403 | Ossuary  | Reached skill level 13 in Dodging
  9653 | D:8      | Found Nevy's Distillery.
  9665 | D:8      | Bought a potion of haste for 140 gold pieces
  9870 | D:9      | Noticed a death yak
  9871 | D:9      | Noticed a death yak
  9875 | D:9      | Noticed a death yak
  9947 | D:8      | Killed a death yak
  9984 | D:9      | Reached skill level 6 in Fighting
  9984 | D:9      | Reached skill level 8 in Long Blades
 10177 | D:9      | Noticed a two-headed ogre
 10186 | D:9      | Killed a two-headed ogre
 10189 | D:9      | Reached XP level 11. HP: 35/66 MP: 13/13
 10192 | D:9      | Noticed a centaur warrior
 10310 | D:9      | Identified the amulet "Neuppoif" {Reflect rF+ SH+5}
 10310 | D:9      | Noticed a centaur warrior
 10326 | D:9      | Noticed a deep elf pyromancer
 10331 | D:9      | Killed a centaur warrior
 10332 | D:9      | Reached skill level 9 in Long Blades
 10332 | D:9      | Killed a deep elf pyromancer
 10334 | D:9      | Noticed a centaur warrior
 10342 | D:9      | Killed a centaur warrior
 10348 | D:9      | Killed a centaur warrior
 10349 | D:9      | Reached skill level 14 in Dodging
 10374 | D:9      | Reached skill level 7 in Fighting
 10433 | D:9      | Reached ****** piety under Dithmenos
 10552 | D:9      | Noticed a deep elf pyromancer
 10575 | D:9      | Killed a deep elf pyromancer
 10576 | D:9      | Reached skill level 10 in Long Blades
 10638 | D:9      | Noticed a yaktaur captain
 10649 | D:9      | Killed a yaktaur captain
 10717 | D:9      | Found a staircase to the Lair.
 10727 | D:9      | Killed a death yak
 10730 | D:9      | Killed a death yak
 10838 | D:9      | Found a shadowy altar of Dithmenos.
 11090 | D:10     | Entered Level 10 of the Dungeon
 11166 | D:10     | Noticed a two-headed ogre
 11168 | D:10     | Noticed Grum
 11176 | D:10     | Killed a two-headed ogre
 11179 | D:10     | Noticed a two-headed ogre
 11189 | D:10     | Killed Grum
 11202 | D:10     | Killed a two-headed ogre
 11203 | D:10     | Reached XP level 12. HP: 48/73 MP: 14/14
 11224 | D:10     | Reached skill level 11 in Long Blades
 11274 | D:10     | Found a white marble altar of Elyvilon.
 11274 | D:10     | Found a glowing golden altar of the Shining One.
 11274 | D:10     | Found a glowing silver altar of Zin.
 11793 | D:9      | Identified +0 acid dragon scales
 11873 | Lair:1   | Entered Level 1 of the Lair of Beasts
 11896 | Lair:1   | Reached skill level 8 in Fighting
 11896 | Lair:1   | Reached skill level 1 in Invocations
 11956 | Lair:1   | Found a gate leading to a gauntlet.
 11969 | Gauntlet | Entered a Gauntlet
 11969 | Gauntlet | Found a transporter.
 11972 | Gauntlet | Found a transporter.
 11973 | Gauntlet | Noticed a green death
 11975 | Gauntlet | Noticed a death yak
 11975 | Gauntlet | Noticed a death yak
 11978 | Gauntlet | Noticed a death yak
 11979 | Gauntlet | Noticed a death yak
 11980 | Gauntlet | Noticed a death yak
 11983 | Gauntlet | Noticed a death yak
 11989 | Gauntlet | Found a transporter.
 11990 | Gauntlet | Found a transporter.
 11992 | Gauntlet | Found a large runed translucent door.
 11993 | Gauntlet | Found a large runed translucent door.
 11994 | Gauntlet | Found a large runed translucent door.
 11994 | Gauntlet | Found a large runed translucent door.
 11994 | Gauntlet | Found a runed translucent door.
 11995 | Gauntlet | Found a large runed translucent door.
 11996 | Gauntlet | Found a large runed translucent door.
 11997 | Gauntlet | Found a large runed translucent door.
 11997 | Gauntlet | Found a large runed translucent door.
 11998 | Gauntlet | Found a runed translucent gate.
 12008 | Gauntlet | Found a transporter.
 12008 | Gauntlet | Found a runed translucent gate.
 12009 | Gauntlet | Found a runed translucent gate.
 12010 | Gauntlet | Found a large runed translucent door.
 12010 | Gauntlet | Found a large runed translucent door.
 12011 | Gauntlet | Found a large runed translucent door.
 12012 | Gauntlet | Found a large runed translucent door.
 12021 | Gauntlet | Found a transporter.
 12034 | Gauntlet | Found a transporter.
 12052 | Gauntlet | Found a transporter.
 12056 | Gauntlet | Found a transporter.
 12060 | Gauntlet | Found a runed translucent door.
 12062 | Gauntlet | Noticed a hell beast
 12064 | Gauntlet | Found a transporter.
 12071 | Gauntlet | Found a runed translucent door.
 12087 | Gauntlet | Found a transporter.
 12091 | Gauntlet | Found a transporter.
 12114 | Gauntlet | Found a large runed translucent door.
 12115 | Gauntlet | Found a large runed translucent door.
 12117 | Gauntlet | Found a large runed translucent door.
 12117 | Gauntlet | Found a runed translucent door.
 12118 | Gauntlet | Found a large runed translucent door.
 12305 | Gauntlet | Killed a green death
 12306 | Gauntlet | Reached skill level 2 in Invocations
 12368 | Gauntlet | Identified the +0 plate armour of the Slorg {Dex+3}
 12369 | Gauntlet | Identified the +2 cloak of Baened {rN+++ Str-2 Int+4 Dex-2}
 12404 | Gauntlet | Reached skill level 15 in Dodging
 12462 | Gauntlet | Identified the +4 great mace of Obirreyl {flame, Drain
                  | rElec Will++}
 12462 | Gauntlet | Identified the +3 hand crossbow of Destiny {freeze, Int+2}
 12462 | Gauntlet | Identified +0 gold dragon scales
 12462 | Gauntlet | Noticed a minotaur
 12467 | Gauntlet | Killed a minotaur
 12468 | Gauntlet | Reached skill level 3 in Invocations
 12484 | Gauntlet | Identified the +0 hat of Imeot {rC+ rN++ Int-2}
 12485 | Gauntlet | Got the Reference Book on the Voyage
 12488 | Gauntlet | Got the Guide on the Unholy Compass
 12829 | Lair:1   | Reached skill level 12 in Long Blades
 12829 | Lair:1   | Reached skill level 4 in Invocations
 13533 | Lair:2   | Noticed a fire dragon
 13667 | Lair:2   | Reached skill level 5 in Invocations
 13683 | Lair:2   | Noticed Gastronok
 13699 | Lair:2   | Killed Gastronok
 13700 | Lair:2   | Reached skill level 9 in Fighting
 13700 | Lair:2   | Reached XP level 13. HP: 80/80 MP: 18/18
 14018 | Lair:2   | Killed a fire dragon
 14018 | Lair:2   | Identified +0 fire dragon scales
 14480 | Lair:3   | Found a hole to the Spider Nest.
 14739 | Lair:3   | Reached skill level 6 in Invocations
 15348 | Lair:3   | Reached skill level 13 in Long Blades
 15474 | Lair:4   | You are sucked into a shaft and drop 1 floor!
 15509 | Lair:4   | Identified the +9 mace of Understanding {drain, *Noise
                  | rElec rF++ Int+4}
 15625 | Lair:4   | Found a staircase to the Shoals.
 15782 | Lair:4   | Found a frozen archway.
 15834 | IceCv    | Entered an ice cave
 15887 | IceCv    | Identified a +1 leather armour of resistance
 15981 | IceCv    | Reached skill level 7 in Invocations
 16214 | IceCv    | Noticed a frost giant
 16257 | IceCv    | Killed a frost giant
 16297 | IceCv    | Identified a +1 crystal plate armour of cold resistance
 17146 | Lair:5   | Reached skill level 10 in Fighting
 17146 | Lair:5   | Reached skill level 14 in Long Blades
 17164 | Lair:5   | Reached skill level 8 in Invocations
 17167 | Lair:5   | Reached XP level 14. HP: 27/88 MP: 20/22
 17955 | Lair:5   | Identified a scarf of resistance
 18078 | Lair:5   | Identified the +6 trident of the Muttering Badger {protect,
                  | MP+9 Int+4 Dex-4 Stlth+}
 18164 | Lair:6   | Entered Level 6 of the Lair of Beasts
 18262 | Lair:6   | Reached skill level 9 in Invocations
 18326 | Lair:6   | Reached skill level 15 in Long Blades
 18417 | Lair:6   | Found a staircase to the Slime Pits.
 18458 | Lair:6   | Reached skill level 10 in Invocations
 19180 | Lair:6   | Identified the +2 pair of gloves of the Lion {rCorr MP+9
                  | Str+6 Int-5}
 19665 | D:11     | Reached XP level 15. HP: 92/92 MP: 25/25
 19675 | D:11     | Reached skill level 11 in Invocations
 19776 | D:11     | Found a staircase to the Orcish Mines.
 20699 | Orc:1    | Entered Level 1 of the Orcish Mines
 20894 | Orc:2    | Entered Level 2 of the Orcish Mines
 20902 | Orc:2    | Reached skill level 1 in Spellcasting
 20902 | Orc:2    | Noticed Donald
 20903 | Orc:2    | Noticed Nessos
 20907 | Orc:2    | Noticed Maurice
 21017 | Orc:2    | Killed Donald
 21018 | Orc:2    | Reached skill level 2 in Spellcasting
 21230 | Orc:2    | Killed Nessos
 21231 | Orc:2    | Reached skill level 3 in Spellcasting
 21250 | Orc:2    | Reached skill level 4 in Spellcasting
 21259 | Orc:1    | Killed Maurice
 21606 | Orc:2    | Reached skill level 12 in Invocations
 21615 | Orc:2    | Reached skill level 5 in Spellcasting
 21636 | Orc:2    | Found Bocau's Antique Armour Emporium.
 21636 | Orc:2    | Found Sacikoqa's Antique Weapon Shop.
 21637 | Orc:2    | Found Nuggos's General Store.
 21637 | Orc:2    | Found Nionyh's General Store.
 21672 | Orc:2    | Reached skill level 6 in Spellcasting
 21885 | Orc:2    | Found Qefeaco's Magic Scroll Shop.
 22115 | Orc:2    | Found a staircase to the Elven Halls.
 22209 | Orc:1    | You are sucked into a shaft and drop 1 floor!
 22232 | Orc:1    | Found Feroph's Overcharged Wands.
 22420 | Orc:1    | Noticed Nergalle
 22431 | Orc:1    | Killed Nergalle
 22708 | Orc:2    | Bought a pair of embroidered boots for 142 gold pieces
 22708 | Orc:2    | Bought a pair of runed gloves for 142 gold pieces
 22708 | Orc:2    | Bought a glowing helmet for 142 gold pieces
 22721 | Orc:2    | Bought a pair of embroidered boots for 142 gold pieces
 22752 | Orc:2    | Bought a scroll of blinking for 90 gold pieces
 22835 | D:12     | Noticed Kirke
 22913 | D:12     | Killed Kirke
 22982 | D:12     | Reached skill level 16 in Dodging
 22983 | D:12     | Reached skill level 7 in Spellcasting
 23003 | D:12     | Noticed Rupert
 23014 | D:12     | Killed Rupert
 23208 | D:12     | Reached skill level 8 in Spellcasting
 23792 | D:13     | Identified +0 acid dragon scales
 24165 | D:13     | Reached skill level 1 in Shields
 24189 | D:13     | Found Juptoesel's Weapon Shop.
 24213 | D:13     | Found a portal to a secret trove of treasure.
 24248 | D:13     | Found Iruj's Assorted Antiques.
 24251 | D:13     | Bought a scroll of blinking for 180 gold pieces
 24251 | D:13     | Bought a glowing great sword for 228 gold pieces
 24464 | D:13     | Found Cesuyreeto's Distillery.
 24475 | D:13     | Bought a potion of haste for 130 gold pieces
 24824 | D:14     | Reached skill level 11 in Fighting
 24827 | D:14     | Reached XP level 16. HP: 87/100 MP: 30/30
 25067 | D:14     | Found a gate to the Vaults.
 25075 | D:14     | Reached skill level 9 in Spellcasting
 25077 | D:14     | Reached skill level 2 in Shields
 25469 | D:14     | Identified the +2 chain mail of Cloud Cover {Will+}
 25793 | D:14     | Reached skill level 3 in Shields
 26275 | D:14     | Reached skill level 10 in Spellcasting
 26297 | D:14     | Identified the +2 ring mail "Gucw" {rPois rF+}
 26545 | D:14     | Identified the +0 cloak of Ethics {rN+}
 26565 | D:14     | Identified the +12 war axe of Green Absolution {vorpal,
                  | Int+8}
 26568 | D:14     | Identified the +11 trident of the Devouring Seer {flame,
                  | rF++ Str+3}
 26737 | D:14     | Found an iron altar of Okawaru.
 26873 | D:15     | Entered Level 15 of the Dungeon
 27003 | D:15     | Learned a level 5 spell: Freezing Cloud
 27013 | D:15     | Learned a level 9 spell: Polar Vortex
 27059 | D:15     | Reached skill level 1 in Ice Magic
 27299 | D:15     | Reached skill level 2 in Ice Magic
 27389 | D:15     | Found a staircase to the Depths.
 27398 | D:15     | Reached skill level 3 in Ice Magic
 27402 | D:15     | Reached skill level 4 in Shields
 27610 | D:15     | Found a sparkling altar of Nemelex Xobeh.
 28297 | Spider:1 | Entered Level 1 of the Spider Nest
 28322 | Spider:1 | Reached skill level 4 in Ice Magic
 28364 | Spider:1 | Reached skill level 5 in Ice Magic
 28367 | Spider:1 | Reached skill level 11 in Spellcasting
 28549 | Spider:1 | Noticed Asterion
 28559 | Spider:1 | Killed Asterion
 28567 | Spider:1 | Reached skill level 6 in Ice Magic
 29223 | Spider:2 | Reached skill level 7 in Ice Magic
 29226 | Spider:2 | Identified the +9 war axe of Jaodghee {freeze, rElec rPois
                  | rC- Will+++}
 29226 | Spider:2 | Noticed Jorgrun
 29237 | Spider:2 | Killed Jorgrun
 29238 | Spider:2 | Reached skill level 12 in Fighting
 29252 | Spider:2 | Reached skill level 12 in Spellcasting
 29252 | Spider:2 | Reached skill level 8 in Ice Magic
 30700 | Spider:3 | Noticed Azrael
 30721 | Spider:3 | Reached skill level 9 in Ice Magic
 30729 | Spider:3 | Killed Azrael
 30982 | Spider:3 | Reached skill level 10 in Ice Magic
 31187 | Spider:3 | Noticed Agnes
 31199 | Spider:3 | Killed Agnes
 31200 | Spider:3 | Reached XP level 17. HP: 54/106 MP: 35/35
 31215 | Spider:3 | Reached skill level 11 in Ice Magic
 31779 | Spider:3 | Noticed Nikola
 31810 | Spider:3 | Killed Nikola
 31811 | Spider:3 | Reached skill level 12 in Ice Magic
 32457 | Spider:4 | Entered Level 4 of the Spider Nest
 32476 | Spider:3 | Reached skill level 13 in Ice Magic
 33266 | Spider:4 | Reached skill level 14 in Ice Magic
 33896 | Spider:4 | Reached skill level 15 in Ice Magic
 33922 | Spider:4 | HP: 4/106 [something (11)]
 34606 | Spider:4 | Reached skill level 16 in Ice Magic
 34742 | Spider:4 | Got a gossamer rune of Zot
 35294 | Shoals:1 | Entered Level 1 of the Shoals
 35601 | Shoals:1 | Reached skill level 1 in Conjurations
 35664 | Shoals:1 | Reached skill level 1 in Air Magic
 36125 | Shoals:1 | Reached skill level 2 in Conjurations
 36302 | Shoals:1 | Reached skill level 2 in Air Magic
 36346 | Shoals:1 | Found Heost's Distillery.
 36360 | Shoals:1 | Reached XP level 18. HP: 66/112 MP: 27/36
 36382 | Shoals:1 | HP: 4/112 [merfolk (9)]
 36687 | Shoals:1 | Bought a potion of resistance for 140 gold pieces
 36687 | Shoals:1 | Bought a potion of might for 56 gold pieces
 36687 | Shoals:1 | Bought a potion of might for 56 gold pieces
 36687 | Shoals:1 | Bought a potion of might for 56 gold pieces
 36687 | Shoals:1 | Bought a potion of haste for 140 gold pieces
 36770 | Shoals:1 | Reached skill level 3 in Conjurations
 37105 | Shoals:2 | Reached skill level 3 in Air Magic
 37118 | Shoals:2 | Found a runed translucent gate.
 37190 | Shoals:2 | Found a runed translucent gate.
 37462 | Shoals:2 | Found a runed translucent gate.
 37463 | Shoals:2 | Noticed Glennnyy's ghost (adept GrFi)
 37565 | Shoals:2 | Reached skill level 17 in Ice Magic
 38841 | Shoals:3 | Noticed Ilsuiw
 39225 | Shoals:3 | Reached skill level 18 in Ice Magic
 39819 | Shoals:3 | Killed Ilsuiw
 40441 | Shoals:4 | Entered Level 4 of the Shoals
 40701 | Shoals:4 | Found the +8 frozen axe "Frostbite" {freezing cloud, *Noise
                  | Fly rC+}
 41026 | Shoals:4 | Found Zideh's Self-Improvement Boutique.
 41424 | Shoals:4 | Reached skill level 19 in Ice Magic
 41520 | Shoals:4 | HP: 10/112 [poisoned by a sea snake]
 41521 | Shoals:4 | HP: 4/112 [poisoned by a sea snake]
 41522 | Shoals:4 | Succumbed to a sea snake's poison

Vanquished Creatures
  Nikola (Spider:3)
  Rupert (D:12)
  Jorgrun (Spider:2)
  Asterion (Spider:1)
  2 krakens
  Gastronok (Lair:2)
  Ilsuiw (Shoals:3)
  Donald (Orc:2)
  Kirke (D:12)
  Agnes (Spider:3)
  A frost giant (IceCv)
  2 ghost moths
  5 emperor scorpions
  An ironbound preserver (D:14)
  Nessos (Orc:2)
  3 entropy weavers
  Azrael (Spider:3)
  A minotaur (Gauntlet)
  2 spark wasps (Spider:4)
  A green death (Gauntlet)
  2 merfolk javelineers (Shoals:4)
  A yaktaur captain (D:9)
  A spectral kraken (Shoals:3)
  3 merfolk impalers
  An ettin (Orc:2)
  A fire dragon (Lair:2)
  6 boulder beetles
  2 ghost crabs (Shoals:3)
  4 ogre magi (Orc:2)
  12 hydras
  9 centaur warriors
  2 death knights (D:14)
  7 merfolk aquamancers
  5 merfolk avatars
  2 alligator snapping turtles
  2 catoblepae
  19 two-headed ogres
  16 death yaks
  8 death scarabs (Spider:4)
  A deep troll shaman (Lair:6)
  A tengu warrior (D:14)
  Nergalle (Orc:1)
  A death drake (Gauntlet)
  10 sea snakes
  2 skeletal warriors (D:14)
  A wizard (D:15)
  A wolf spider zombie (Spider:4)
  6 spectral wolf spiders (Spider:4)
  27 harpies
  2 orc knights
  A necromancer (D:15)
  3 deep elf pyromancers
  2 spectral merfolk (Shoals:3)
  8 orb spiders
  7 fauns
  2 orc sorcerers
  22 wolf spiders
  9 cyclopes
  4 ugly things (D:14)
  8 merfolk sirens
  A spectral centaur (Gauntlet)
  14 manticores
  A moth of wrath (Spider:4)
  20 elephants (Lair:6)
  4 black mambas
  Maurice (Orc:1)
  A naga mage (D:15)
  A torpor snail (Lair:6)
  2 gargoyles
  A spectral sea snake (Shoals:3)
  7 water nymphs
  An ice statue (IceCv)
  An orange demon (Gauntlet)
  12 cane toads
  Psyche (D:8)
  5 spectral redbacks (Spider:4)
  An efreet (D:14)
  4 kobold demonologists (D:11)
  A rime drake (Lair:6)
  12 komodo dragons
  2 freezing wraiths (D:14)
  An unseen horror (D:12)
  2 ice devils (Lair:4)
  A queen bee (Lair:1)
  A spectral harpy (Shoals:3)
  2 tengu conjurers (D:15)
  10 demonic crawlers
  4 trolls
  18 polar bears
  26 merfolk
  28 jumping spiders
  3 meliai (D:11)
  4 spectral jumping spiders (Spider:4)
  3 spectral tarantellas (Spider:4)
  9 hornets
  Prince Ribbit (D:6)
  9 snapping turtles
  4 wind drakes
  3 jumping spider zombies (Spider:4)
  8 blink frogs
  10 slime creatures
  A tarantella zombie (Spider:4)
  2 centaur simulacra
  61 redbacks
  A shadow (D:10)
  20 water elementals
  3 wraiths
  2 vampires
  26 tarantellas
  A human (D:11)
  43 yaks
  Eustachio (D:4)
  2 fire elementals (Spider:3)
  Grum (D:10)
  6 basilisks
  2 wyverns
  5 hogs (D:12)
  Menkaure (D:4)
  11 vampire mosquitoes
  2 wargs
  2 acid dragons
  19 water moccasins
  6 hell hounds (Spider:3)
  A spectral snapping turtle (Shoals:3)
  2 spectral hornets
  2 hornet zombies
  A black bear (Lair:6)
  An ice beast (D:6)
  25 orc warriors
  2 sky beasts (D:7)
  29 ogres
  A necrophage (D:4)
  19 centaurs
  27 wolves
  A phantom (D:5)
  3 kobold brigands
  12 bullfrogs
  Blork the orc (D:6)
  3 wyvern zombies (Ossuary)
  2 gnoll sergeants
  3 scorpions (D:5)
  A water moccasin zombie (Ossuary)
  A water moccasin skeleton (D:5)
  5 jellies
  29 killer bees
  3 wights (D:9)
  7 electric eels
  5 howler monkeys
  A crimson imp (D:8)
  13 centaur zombies
  10 bullfrog zombies
  2 hounds
  5 centaur skeletons
  8 orc priests
  A gnoll shaman (D:9)
  3 iguanas
  9 hell rats
  17 orc wizards
  2 killer bee zombies (Ossuary)
  3 hound zombies (D:4)
  A hound skeleton (D:5)
  10 mummies
  3 howler monkey zombies
  7 gnolls
  13 adders
  A white imp (D:8)
  An ufetubus (D:7)
  An adder zombie (D:4)
  7 adder skeletons
  7 worms
  55 orcs
  8 ball pythons
  8 endoplasms
  7 giant cockroaches
  12 goblins
  5 hobgoblins
  13 jackals
  22 kobolds
  4 quokkas
  15 bats
  2 frilled lizards (Sewer)
  A hobgoblin zombie (D:8)
  A kobold zombie (D:8)
  6 rats
  2 bushes (Lair:6)
  7 tentacles
1188 creatures vanquished.

Vanquished Creatures (others)
  A jumping spider (Spider:3)
  A tarantella (Spider:3)
  A hell rat (Lair:6)
  2 bushes (Lair:5)
  62 fungi
  228 plants
  12 tentacles (Shoals:3)
  24 withered plants
331 creatures vanquished.

Grand Total: 1519 creatures vanquished
